 Dungeon Crawl Stone Soup version 0.27-a0-1065-ge809cff456 (webtiles) character file.

Game seed: 7747733233278357773

25 senseless the Insei (level 2, -1/21 HPs)
             Began as a Demonspawn Transmuter on Apr 23, 2021.
             Splashed by a jelly's acid (5 damage)
             ... on level 1 of the Dungeon.
             The game lasted 00:04:52 (1493 turns).

senseless the Insei (Demonspawn Transmuter)         Turns: 1493, Time: 00:04:53

Health: -1/21      AC: -6    Str: 10    XL:     2   Next: 82%
Magic:  4/5        EV: 12    Int: 14    God:
Gold:   49         SH:  0    Dex: 13    Spells: 2/5 levels left

rFire    . . .     SeeInvis .     - Unarmed
rCold    . . .     Faith    .   (no shield)
rNeg     . . .     Spirit   .   a - +0 robe
rPois    .         Reflect  .   (helmet currently unavailable)
rElec    .         Harm     .   (no cloak)
rCorr    .         Rampage  .   (no gloves)
Will     .....                  (boots currently unavailable)
Stlth    +.........             (no amulet)
HPRegen  0.07/turn              (no ring)
MPRegen  0.09/turn              (no ring)

@: appendages (expiring), corroded
A: horns 2, talons 1
a: End Transformation


You were on level 1 of the Dungeon.
You had temporarily grown beastly horns.
You visited 1 branch of the dungeon, and saw 2 of its levels.

You collected 49 gold pieces.

Inventory:

Hand Weapons
 c - a +0 mace
Armour
 a - a +0 robe (worn)
Potions
 d - a potion of curing
 e - a potion of haste {unknown}
 f - a potion of heal wounds {unknown}
 g - a potion of ambrosia {unknown}


   Skills:
 * Level 1.2 Fighting
 - Level 0.3 Maces & Flails
 + Level 2.0 Dodging
 + Level 3.0 Unarmed Combat
 * Level 2.3 Spellcasting
 + Level 2.0 Transmutations


You had 2 spell levels left.
You knew the following spells:

 Your Spells              Type           Power      Damage    Failure   Level
a - Beastly Appendage     Tmut           14%        N/A       10%         1
b - Wereblood             Tmut           7%         N/A       16%         2

Your spell library contained the following spells:

 Spells                   Type           Power      Damage    Failure   Level
 Spider Form              Tmut/Pois      2%         N/A       41%         3
 Ice Form                 Ice/Tmut       4%         N/A       83%         4
 Hydra Form               Tmut           3%         N/A       95%         5


Dungeon Overview and Level Annotations

Branches:
Dungeon (2/15)

Altars:


Innate Abilities, Weirdness & Mutations

You have temporarily grown beastly horns.
You have sharp toenails.


Message History

There is an open door here.
You open the door.
There is an open door here.
Found 14 stones.
Done exploring.
There is a stone staircase leading down here.
Search for what [? for help]? .
As you read the scroll labelled DAUR XIOFIPU, it crumbles to dust.
It is a scroll of identify.
d - a potion of curing You climb downwards.
There is a stone staircase leading up here.
A jelly comes into view.
A goblin comes into view. It is wielding a +0 club.
A hobgoblin comes into view.
The jelly quivers.
The goblin shouts!
Casting: Beastly Appendage (safe; 10% risk of failure)
Confirm with . or Enter, or press ? or * to list all spells.
You grow a pair of large bovine horns.
You hit the jelly. The acid corrodes you!
Your hands burn!
Your kick misses the jelly.
The jelly is moderately wounded.
The jelly closely misses you.
You hit the jelly.
Your hands burn!
Your headbutt misses the jelly.
The jelly is heavily wounded.
The jelly hits you. The acid corrodes you!
You are splashed with acid!
* * * LOW HITPOINT WARNING * * *
You are too injured to fight recklessly!
You hit the jelly but do no damage.
Your hands burn!
* * * LOW HITPOINT WARNING * * *
Your kick misses the jelly.
The jelly is heavily wounded.
The jelly closely misses you.
There is a stone staircase leading up here.
Your transformation is almost over.
You climb upwards.
There is a stone staircase leading down here.
You hit the jelly but do no damage.
Your hands burn!
You die...

#.....##.##.## #≈..≈≈≈.≈≈.≈
#.....##.....# #≈.≈≈.<.≈≈.≈
#.....###.#..# #≈.≈≈.≈≈≈..≈
#.....# #....# #≈.≈≈..≈..≈≈
#.....# #....# #≈..≈≈...≈≈≈
######## #....# #≈≈..≈≈≈≈≈≈.
#.###### #....# ##≈≈.......8
#......###.#.J# #####''###.
#.####.#....@.# #..#.## #.#
#.#..###.# #...... ###
#.####.#......############(## ..#
#.#......#...........#....... ..#
#.#......####.######.#.###.##
..###+#...........# #.#.#.....
..##........############.#.#.....
..##...........#.........#.#####)
..##.........#.#.#########.##..#.


You could see a jelly.

Vanquished Creatures
  A dart slug (D:1)
  An endoplasm (D:1)
  3 giant cockroaches (D:1)
  3 goblins (D:1)
  5 hobgoblins (D:1)
  A ball python (D:1)
  3 bats (D:1)
  A kobold (D:1)
  2 rats (D:1)
20 creatures vanquished.

Notes
Turn   | Place    | Note
-------+----------+-------------------------------------------
     0 | D:1      | senseless the Demonspawn Transmuter began the quest for the
                  | Orb.
     0 | D:1      | Reached XP level 1. HP: 15/15 MP: 3/3
   307 | D:1      | Gained mutation: You have sharp toenails. [demonic
                  | ancestry]
   307 | D:1      | Reached XP level 2. HP: 8/21 MP: 5/5
   703 | D:1      | Learned a level 2 spell: Wereblood
   896 | D:1      | Found a faded altar of an unknown god.
   956 | D:1      | Reached skill level 3 in Unarmed Combat
  1493 | D:1      | Splashed by a jelly's acid

Illustrated notes

Levels and vault maps discovered:
D:1:      psy_arrival_whirlpool, layout_basic,
          shapermc_ecumenical_altar_starsandcircs, minmay_indecisive_spiral
D:2:      wander_river, layout_basic, serial_shops, shop, uniq_jessica,
          uniq_robin

Skill      XL: |  1  2 |
---------------+-------+-----
Transmutations | 2 |  2.0
Dodging        | 2 |  2.0
Unarmed Combat | 3 |  3.0
Fighting       | |  1.2
Maces & Flails | |  0.3
Spellcasting   | |  2.3

Action                   || total
-------------------------++-------
Melee: Mace              ||    18
       Kick              ||    10
       Unarmed           ||    33
       Headbutt          ||     3
 Cast: Beastly Appendage ||    12
  Use: Scroll            ||     1
 Stab: Sleeping          ||     1
Armor: Robe              ||     9
Dodge: Dodged            ||    32

Table legend: (Time is in decaauts)
 A = Elapsed time spent in this place.
 B = Non-inter-level travel time spent in this place.
 C = Inter-level travel time spent in this place.
 D = Time resting spent in this place.
 E = Time spent auto-exploring this place.
 F = Levels seen in this place.
 G = Mean time per level.
                   A        B        C        D        E       F      G
               +--------+--------+--------+--------+--------+-----+--------+
         Total |   1499 |   1480 |     19 |    184 |   1136 |   2 |  749.5 |
       Dungeon |   1499 |   1480 |     19 |    184 |   1136 |   2 |  749.5 |
               +--------+--------+--------+--------+--------+-----+--------+

Top non-repeatable levels by time:
     D:1: 1468 daAuts
     D:2: 30 daAuts
